Map: Golden Wall LE

Players

gerax

  • Race: Zerg Zerg
  • League: Diamond
  • Spawn Location: 7:00

RyuKey - Winner!

  • Race: Terran Terran
  • League: Diamond
  • Spawn Location: 5:00

VOD

Have the link to the VOD?

Description

Time

  • Played on: June 22, 2020, 5:48 p.m.
  • Length: 3:29
Show
View Real Time Build Order
Export as new Build Order

gerax Zerg 

Build Orders: Hatch First 

Get SALT Encoding   

  12  0:01  Drone  
  13  0:12  Overlord  
  13  0:23  Drone  
  14  0:30  Drone  
  14  0:31  Drone  
  16  0:35  Drone  
  17  0:55  Drone  
  18  0:57  Hatchery  
  18  0:59  Drone  
  18  1:09  Extractor  
  17  1:15  Spawning Pool  
  17  1:17  Drone  
  17  1:20  Drone  
  18  1:28  Drone  
  19  1:41  Overlord  
  19  1:53  Drone  
  20  2:01  Queen  
  20  2:02  Overlord  
  22  2:09  Queen, Drone  
  22  2:14  Drone  
  26  2:20  Drone  
  27  2:23  Drone  
  28  2:30  Spine Crawler  
  26  2:43  Spine Crawler  
  25  2:48  Baneling Nest  
  25  2:50  Zergling x6  
  25  2:55  Zergling x2  
  25  2:56  Zergling x2  
  28  3:11  Zergling x8  
Show
View Real Time Build Order
Export as new Build Order

RyuKey Terran - Winner!

Build Orders:  

Get SALT Encoding   

  12  0:00  SCV  
  13  0:16  Supply Depot  
  13  0:38  Barracks  
  13  0:45  Barracks  
  13  1:02  Barracks  
  13  1:05  SCV  
  14  1:27  Marine  
  14  1:32  Marine  
  16  1:34  Orbital Command  
  16  1:45  Marine, Supply Depot  
  17  1:49  Marine  
  17  1:53  Marine  
  19  2:03  Marine  
  19  2:07  Marine  
  21  2:11  Marine  
  22  2:21  Marine  
  23  2:25  Marine, Bunker  
  24  2:37  Marine  
  24  2:38  Marine  
  26  2:44  Marine  
  27  2:55  Marine  
  27  2:56  Marine  
  29  3:02  Marine  
  30  3:12  SCV  
Tags
 
Add a new tag
Caveats
  • Supply blocks, unpowered buildings, or Contaminate may cause inaccurate times.
  • Supply counts are checked every 10 seconds.